[Event "Early-Titled-Tuesday-Blitz-February-13-2024"]
[Site "Chess.com"]
[Date "2024.02.13"]
[Round "5"]
[White "Durarbayli"]
[Black "wqws"]
[Result "0-1"]
[WhiteElo "2909"]
[BlackElo "2649"]
[TimeControl "180+1"]
[EndTime "8:59:59 PST"]
[Termination "wqws won by checkmate"]

1. e4 e5 2. Nf3 Nc6 3. d4 exd4 4. Nxd4 Nf6 5. Nxc6 bxc6 6. e5 Qe7 7. Qe2 Nd5 8.
h4 a5 9. c4 Ba6 10. Rh3 Nb6 11. b3 O-O-O 12. Bb2 g6 13. Nd2 Bg7 14. O-O-O Rhe8 15. Re3 Bh6 16. Ne4 d5 17. Ng5 dxc4 18. bxc4 Bxc4 19.
Qg4+ Be6 20. Rxd8+ Rxd8 21. Qf3 Qb4 22. Bc3 Qxh4 23. Nxe6 Bxe3+ 24. fxe3 fxe6 25. Qxc6 Rd7 26. Ba6+ Kd8 27. Qxe6 Qh1+ 28. Kb2 Qxg2+ 29. Ka3 Qd5 30. Qf6+ Re7 31. Qf8+ Kd7 32. Kb2 Na4+ 33. Kc2 Qxa2+ 34. Bb2 Qxb2+ 35. Kd3 Nc5+ 36. Kc4 Qb4+ 37. Kd5 c6# 0-1

[Event "Early-Titled-Tuesday-Blitz-February-13-2024"]
[Site "Chess.com"]
[Date "2024.02.13"]
[Round "5"]
[White "Quattroporte300"]
[Black "guillembaches"]
[Result "1/2-1/2"]
[WhiteElo "2417"]
[BlackElo "2566"]
[TimeControl "180+1"]
[EndTime "9:00:00 PST"]
[Termination "Game drawn by repetition"]

1. e4 c5 2. Nf3 d6 3. d4 cxd4 4.
Nxd4 Nf6 5. Nc3 Nc6 6. f3 e5 7. Nb3 Be6 8. Be3 d5 9. exd5 Nxd5 10. Nxd5 Qxd5 11. Qxd5 Bxd5 12. O-O-O O-O-O 13. Bb5 a6 14. Bxc6 Bxc6 15. Rxd8+ Kxd8 16. Bb6+ Ke7 17. Rd1 g6 18. c3 f5 19. Kc2 Bg7 20. Na5 Rc8 21. Bc5+ Ke8 22.
Nxc6 Rxc6 23. b4 a5 24. Rd6 Rxd6 25. Bxd6 axb4 26. cxb4 Kd7 27. Bc5 Kc6 28. a4 Kd5 29. Kd3 e4+ 30. fxe4+ fxe4+ 31. Ke2 Bc3 32. Ke3 Bb2 33.
Be7 Bc1+ 34. Ke2 Kc4 35. b5 h5 36. h3 Bh6 37. g4 hxg4 38. hxg4 Bc1 39. Bf8 Bf4 40. Be7 Bc1 41. Bf8 Bg5 42. Bd6 Bc1 43.
Be7 Bf4 44. Bf8 Bc1 45. Be7 Bf4 46. Bf8 Bc1 47. Be7 1/2-1/2

[Event "Early-Titled-Tuesday-Blitz-February-13-2024"]
[Site "Chess.com"]
[Date "2024.02.13"]
[Round "5"]
[White "HaryKane"]
[Black "PavelShkapenko"]
[Result "0-1"]
[WhiteElo "2575"]
[BlackElo "2768"]
[TimeControl "180+1"]
[EndTime "9:00:01 PST"]
[Termination "PavelShkapenko won by resignation"]

1. e4 e5 2. Nf3 Nc6 3. Bb5 Bc5 4. d3 Nge7 5. O-O O-O 6. c3 d6 7. Nbd2 f5 8. exf5 Nxf5 9. Ne4 Bb6 10. Bg5 Qe8 11. Re1 Qg6 12. Nh4 Nxh4 13. Bxh4 Bg4 14. Qb3+ Kh8 15. Bg3 Ne7 16. a4 a6 17. a5 Ba7 18. Ba4 Rab8 19. Qa3 Nf5 20. d4 exd4 21. cxd4 Bxd4 22. Rac1 Nxg3 23. Qxg3 d5 24. Qd3 c5 25.
Rxc5 Bxc5 26. Nxc5 Qxd3 27. Nxd3 Rbd8 28. f3 Bd7 29.
Nc5 Bxa4 30. Nxa4 d4 31. Nc5 Rd5 32. b4 h6 33. Kf2 Rfd8 34. Nd3 R5d6 35. Re7 R6d7 36.
Re6 Rc7 37. Nc5 d3 38. Ke1 d2+ 39. Kd1 Kg8 40. Re3 Rd4 41. Nd3 Rcd7 42. Kxd2 Rxb4 43. Kc3 Rb5 44. f4 Rc7+ 45. Kd4 Rxa5 46. Ne5 Ra4+ 47.
Kd5 Rxf4 48. Ng6 Rf5+ 49. Kd6 Rc6+ 50. Kd7 Rxg6 0-1

[Event "Early-Titled-Tuesday-Blitz-February-13-2024"]
[Site "Chess.com"]
[Date "2024.02.13"]
[Round "5"]
[White "ural58"]
[Black "Nikolakis2014"]
[Result "0-1"]
[WhiteElo "2506"]
[BlackElo "2709"]
[TimeControl "180+1"]
[EndTime "9:00:01 PST"]
[Termination "Nikolakis2014 won by resignation"]

1. e4 c5 2. b3 Nc6 3. Bb2 e5 4. f4 exf4 5. Qf3 Qc7 6. Ne2 Nf6 7. Nbc3 Nd4 8. Nxd4 cxd4 9. Nd5 Nxd5 10. exd5 Bc5 11.
Bd3 O-O 12. O-O-O b5 13. d6 Bxd6 14. Qxa8 Bb7 15. Qxf8+ Kxf8 16. Rhg1 Be5 17. Bxb5 Be4 18. d3 Bd5 19. Kb1 d6 20. h4 Qb7 21. Ba4 Bxg2 22. h5 f3 23. h6 gxh6 24. Bc1 f2 25. Bxh6+ Ke7 26. Bg5+ f6 27. Bh4 fxg1=Q 28. Rxg1 Qf3 29.
Kb2 h5 30. Bb5 a5 31. Bc4 d5 32. Bb5 Kd6 33. a4 Bf4 34. Be1 Be3 35. Rxg2 Qxg2 36. Bxa5 Qf1 37. Bb4+ Ke5 38. a5 Qc1+ 39. Ka2 Qxc2+ 0-1

[Event "Early-Titled-Tuesday-Blitz-February-13-2024"]
[Site "Chess.com"]
[Date "2024.02.13"]
[Round "5"]
[White "ChessGiantYouTube"]
[Black "cthulhuuu"]
[Result "0-1"]
[WhiteElo "2246"]
[BlackElo "2426"]
[TimeControl "180+1"]
[EndTime "9:00:01 PST"]
[Termination "cthulhuuu won by resignation"]

1. e4 d6 2. d4 Nf6 3. Nc3 c6 4. f3 b5 5. g4 e5 6. Nge2 Be7 7. Be3 O-O 8. Ng3 b4 9. Nce2 exd4 10. Nxd4 d5 11.
e5 Ne8 12. Bg2 g6 13. O-O c5 14. Nde2 Nc6 15. f4 Nc7 16. c4 bxc3 17. Nxc3 Rb8 18. Rb1 d4 19. Bxc6 dxe3 20. Qf3 Ne6 21. Rfd1 Nd4 22.
Qxe3 Bxg4 23. Rd2 Qa5 24. Nd5 Nxc6 25. f5 Rfd8 26. f6 Bf8 27. h3 Be6 28. Rbd1 Bxd5 29. Rxd5 Rxd5 30. Rxd5 Rd8 31. Rxd8 Nxd8 32. h4 c4 33. Kg2 Qd5+ 34. Kh3 Ne6 35. h5 Qd4 36. Qe2 Nf4+ 0-1

[Event "Early-Titled-Tuesday-Blitz-February-13-2024"]
[Site "Chess.com"]
[Date "2024.02.13"]
[Round "5"]
[White "traviscottofficial"]
[Black "Elsa167"]
[Result "0-1"]
[WhiteElo "2663"]
[BlackElo "2913"]
[TimeControl "180+1"]
[EndTime "9:00:02 PST"]
[Termination "Elsa167 won by checkmate"]

1. e4 c6 2. Nf3 d5 3. d3 Qc7 4. Be2 Bg4 5. O-O Nd7 6. h3 Bh5 7. exd5 cxd5 8. Nc3 e6 9. Re1 Ngf6 10. Nd4 Bxe2 11. Qxe2 Bc5 12. Nb3 Bb6 13. Be3 O-O 14.
Bxb6 Qxb6 15. Qe3 Rfc8 16. Qxb6 Nxb6 17. Re2 a6 18. Nd4 Rc7 19. Rae1 Rac8 20. Nb1 Na4 21. c3 b5 22. Na3 g6 23. g3 Rb7 24. Nb3 b4 25.
cxb4 Rxb4 26. Nc2 Rb6 27. Ncd4 Nd7 28. f4 Rbb8 29. Kf2 Ndc5 30. Ke3 Nxb3 31. Nxb3 h5 32. Rd1 Kg7 33. Rdd2 Rc7 34. Rc2 Rbc8 35. Rxc7 Rxc7 36. Kd4 Kf6 37. g4 hxg4 38. hxg4 g5 39. Rf2 gxf4 40.
Rxf4+ Kg5 41. Ke5 Nxb2 42. Rd4 Rc6 43. Nd2 f6# 0-1

[Event "Early-Titled-Tuesday-Blitz-February-13-2024"]
[Site "Chess.com"]
[Date "2024.02.13"]
[Round "5"]
[White "Tolyanius"]
[Black "Roman_Ovetchkin"]
[Result "1-0"]
[WhiteElo "2507"]
[BlackElo "2621"]
[TimeControl "180+1"]
[EndTime "9:00:02 PST"]
[Termination "Tolyanius won by resignation"]

1. e4 c6 2. c4 d5 3. exd5 cxd5 4.
cxd5 Nf6 5. Nc3 Nxd5 6. Nf3 Nxc3 7.
bxc3 g6 8. Bc4 Bg7 9. O-O O-O 10. Re1 Nc6 11. a4 Bg4 12. Be2 Rc8 13. Ba3 Re8 14. h3 Be6 15. Ng5 Bd5 16. c4 Bxa1 17. Qxa1 Be6 18. Nxe6 fxe6 19. Bg4 Nd4 20. Bb2 Rxc4 21.
Rxe6 Qd5 22. Qe1 Kf7 23. Re5 Qd6 24. Qe4 Rd8 25. Be6+ Qxe6 26. Rxe6 Nxe6 27. Qxc4 Rxd2 28. Bc3 Rc2 29. f4 Rc1+ 30. Kh2 Rc2 31. Qb3 Rf2 32.
Be5 h5 33. Qxb7 h4 34. Qd5 Rf1 35. a5 a6 36. Qc4 Rf2 37. Kg1 Rd2 38. Qxa6 Rxg2+ 39.
Kxg2 1-0

[Event "Early-Titled-Tuesday-Blitz-February-13-2024"]
[Site "Chess.com"]
[Date "2024.02.13"]
[Round "5"]
[White "maicolbenavides"]
[Black "HamedWafa4"]
[Result "1-0"]
[WhiteElo "2535"]
[BlackElo "2745"]
[TimeControl "180+1"]
[EndTime "9:00:03 PST"]
[Termination "maicolbenavides won by resignation"]

1. e4 e5 2. Nf3 Nc6 3. Bb5 a6 4. Ba4 Nf6 5. O-O Be7 6. Re1 b5 7. Bb3 O-O 8. c3 d5 9. exd5 Nxd5 10. d4 exd4 11. Nxd4 Nxd4 12. Qxd4 Bb7 13. Nd2 c5 14. Qg4 c4 15. Bc2 Nf6 16. Qg3 Bd6 17. Qh4 Re8 18.
Rxe8+ Qxe8 19. Nf3 Qe2 20. Bf5 Bxf3 21. gxf3 Qxf3 22.
Bh3 Qd1+ 23. Kg2 Re8 24. Qd4 Qxd4 25. cxd4 Re1 26. b3 c3 27. a4 b4 28. a5 g6 29.
Kf3 Nd5 30. Bc8 Bf4 31. Bb2 Rxa1 32. Bxa1 c2 33. Bb2 c1=Q 34. Bxc1 Bxc1 35. Bxa6 f5 36. Bc4 Kf8 37. Bxd5 Bb2 38. Ke3 f4+ 39. Ke4 f3 40. a6 Bxd4 41. Kxd4 1-0

[Event "Early-Titled-Tuesday-Blitz-February-13-2024"]
[Site "Chess.com"]
[Date "2024.02.13"]
[Round "5"]
[White "DeArron_Fox"]
[Black "Witik"]
[Result "1-0"]
[WhiteElo "2526"]
[BlackElo "2687"]
[TimeControl "180+1"]
[EndTime "9:00:04 PST"]
[Termination "DeArron_Fox won by checkmate"]

1. d4 Nf6 2. c4 e6 3. Nf3 Bb4+ 4. Bd2 Qe7 5. g3 Nc6 6. a3 Bxd2+ 7. Qxd2 d6 8. Bg2 e5 9. O-O O-O 10. Nc3 Bg4 11. Rfe1 Rfe8 12. e3 a6 13. Nd5 Qd8 14. h3 Bh5 15. Nh4 e4 16. Nf4 Bg6 17. Nhxg6 hxg6 18.
h4 Ne7 19. b4 c6 20. Rab1 Nf5 21. b5 axb5 22. cxb5 Rxa3 23. Qc1 Ra2 24. bxc6 bxc6 25. Qxc6 Ng4 26. Rf1 Rf8 27. Nxg6 Re8 28. Bxe4 Nfxe3 29. fxe3 fxg6 30. Bd5+ Kh7 31. Bxa2 Rxe3 32. Rf3 Qe7 33. Rbf1 Re2 34. Bc4 Rc2 35. Qd5 Qc7 36. Qg8+ Kh6 37.
Qh8# 1-0

[Event "Early-Titled-Tuesday-Blitz-February-13-2024"]
[Site "Chess.com"]
[Date "2024.02.13"]
[Round "5"]
[White "SouS007"]
[Black "Sanyura"]
[Result "0-1"]
[WhiteElo "2503"]
[BlackElo "2659"]
[TimeControl "180+1"]
[EndTime "9:00:04 PST"]
[Termination "Sanyura won by resignation"]

1. e4 c5 2. Nf3 Nc6 3. d4 cxd4 4. Nxd4 e6 5. Nc3 Nf6 6. Nxc6 bxc6 7. e5 Nd5 8. Ne4 Qc7 9. f4 Qb6 10. c4 Bb4+ 11.
Ke2 Ba6 12. Kf3 f5 13. Nf2 Ne7 14. a3 Bc5 15. Qc2 Bxf2 16. Qxf2 c5 17. Be3 g5 18. fxg5 Ng6 19. Bxc5 Nxe5+ 20. Kg3 Qc7 21. Kh3 h6 22. g6 Nxg6 23. g3 h5 24. Bd4 Rh7 25. Qe3 h4 26.
Qg5 hxg3+ 27. Kg2 Bb7+ 28. Kg1 gxh2+ 29. Kf2 Qf4+ 30. Qxf4 Nxf4 31. Rxh2 Rxh2+ 32. Kg3 Rh1 33. Kxf4 d6 34. c5 e5+ 35. Kxf5 exd4 36. Bb5+ Ke7 37. Bf1 Rf8+ 38. Kg5 Rfxf1 39. c6 Bxc6 0-1

[Event "Early-Titled-Tuesday-Blitz-February-13-2024"]
[Site "Chess.com"]
[Date "2024.02.13"]
[Round "5"]
[White "UK_23"]
[Black "ChessSwole"]
[Result "0-1"]
[WhiteElo "2373"]
[BlackElo "2670"]
[TimeControl "180+1"]
[EndTime "9:00:05 PST"]
[Termination "ChessSwole won by resignation"]

1. e4 Nf6 2. e5 Nd5 3. d4 d6 4. Nf3 dxe5 5. Nxe5 c6 6. g3 Bf5 7. Bg2 e6 8. O-O Nd7 9. Qe2 Be7 10. Rd1 O-O 11. c3 Nxe5 12. dxe5 Qb6 13. Nd2 Rad8 14. Nc4 Qa6 15. Bf1 Bc5 16. Bg5 Rd7 17. Qh5 b5 18. Ne3 Qb6 19. Nxf5 Bxf2+ 20. Kh1 exf5 21. Bg2 Re8 22. Bf4 Nxf4 23. gxf4 g6 24. Qf3 Red8 25. Rxd7 Rxd7 26. Qxc6 Rd2 27. Qxb6 Bxb6 28. b3 Be3 29. Bc6 Bxf4 30. Bxb5 Bxe5 31. Rc1 Rxh2+ 32. Kg1 Rxa2 33. c4 Bd4+ 34. Kh1 Bc5 35. b4 Bxb4 36. c5 Bd2 37.
Rd1 Bf4 38. c6 Rc2 39. Rd7 a6 40. Bxa6 Rxc6 41. Bb7 Rc7 42. Rxc7 Bxc7 43. Kg2 Kg7 44. Kf3 g5 45. Bc8 g4+ 46. Kg2 Kf6 47. Kf2 h5 48.
Kg2 h4 49. Bb7 h3+ 50. Kf2 f4 51. Bc8 Bb6+ 52. Kf1 Kg5 53. Bd7 f5 54. Be6 g3 55.
Bd5 Kg4 56. Bc6 f3 57. Bd5 g2+ 0-1

[Event "Early-Titled-Tuesday-Blitz-February-13-2024"]
[Site "Chess.com"]
[Date "2024.02.13"]
[Round "5"]
[White "cyrdap"]
[Black "Barmen_EV"]
[Result "0-1"]
[WhiteElo "2622"]
[BlackElo "2509"]
[TimeControl "180+1"]
[EndTime "9:00:06 PST"]
[Termination "Barmen_EV won by resignation"]

1. d4 Nf6 2. Nf3 g6 3. c4 Bg7 4.
Nc3 O-O 5. e4 d6 6. h3 e5 7. d5 a5 8. g4 Na6 9. Be3 Bd7 10. Nd2 c6 11. Be2 Qb8 12. g5 Nh5 13.
Bxh5 gxh5 14. Qxh5 Nb4 15. O-O-O cxd5 16. exd5 Bf5 17.
Nde4 Nxa2+ 18. Kd2 Nxc3 19. Nxc3 Qc7 20. Qf3 Bg6 21. Qg4 a4 22. h4 f5 23. gxf6 Rxf6 24.
h5 Bf5 25. Qh4 a3 26. Rhg1 Kf7 27. Rxg7+ Kxg7 28. Rg1+ Kf7 29. Bg5 Rg8 30. bxa3 h6 31.
Bxf6 Rxg1 32. Bh8 Qe7 33. Qh2 Rg8 34. f4 Rxh8 35. Nb5 Rg8 36. Kc3 exf4 37. Qxf4 Qe5+ 38. Qxe5 dxe5 39. Nd6+ Kf6 40. Nxb7 e4 41. Kd4 Rg3 42. Nc5 e3 43. Kc3 Rg2 44. d6 Rc2+ 45. Kb3 e2 46. d7 Ke7 47. Ne6 Bxe6 48. Kxc2 0-1

[Event "Early-Titled-Tuesday-Blitz-February-13-2024"]
[Site "Chess.com"]
[Date "2024.02.13"]
[Round "5"]
[White "Zq1"]
[Black "Egor_Koshulyan"]
[Result "0-1"]
[WhiteElo "2481"]
[BlackElo "2622"]
[TimeControl "180+1"]
[EndTime "9:00:06 PST"]
[Termination "Egor_Koshulyan won on time"]

1. d4 Nf6 2. c4 e5 3. dxe5 Ng4 4. Bf4 Bb4+ 5. Nc3 Nc6 6. Nf3 Qe7 7. Qd5 f6 8. exf6 Bxc3+ 9. bxc3 Nxf6 10. Qd3 d6 11. g3 O-O 12. Bg2 Ne4 13. O-O Nc5 14.
Qe3 Qf7 15. Nd4 Qxc4 16. Nxc6 bxc6 17. Bxc6 Rb8 18. Qd4 Qxe2 19. Rfe1 Qg4 20. Re7 Kh8 21. Bh6 Qxd4 22. cxd4 gxh6 23. dxc5 dxc5 24. Be4 Rb2 25. Rxh7+ Kg8 26. Rxc7 Be6 27. Re1 Rfxf2 28. Bh7+ Kf8 29.
Rxe6 Rg2+ 30. Kf1 Rxh2 31. Rc8+ Kf7 32. Bg8+ Kg7 33. Rc7+ Kf8 34. Rc8+ Kg7 35. Rc7+ Kh8 0-1

[Event "Early-Titled-Tuesday-Blitz-February-13-2024"]
[Site "Chess.com"]
[Date "2024.02.13"]
[Round "5"]
[White "BogdanDeac"]
[Black "Goryachkina"]
[Result "1-0"]
[WhiteElo "2995"]
[BlackElo "2700"]
[TimeControl "180+1"]
[EndTime "9:00:07 PST"]
[Termination "BogdanDeac won on time"]

1. d4 Nf6 2. Nf3 d5 3. Bf4 c5 4. e3 Nc6 5. c3 Bf5 6. dxc5 e6 7. b4 a5 8. Bb5 Bg4 9. Nbd2 Be7 10. O-O O-O 11.
Qb3 Nd7 12. Bg3 Bf6 13. Rac1 Re8 14. h3 Bh5 15. Rfe1 Na7 16. a4 Rc8 17. e4 dxe4 18.
Nxe4 Bxf3 19. gxf3 Nxb5 20. axb5 Be5 21. Rcd1 Bxg3 22.
fxg3 Qc7 23. Kg2 Rcd8 24. b6 Qb8 25. Qa4 Nf6 26. Nxf6+ gxf6 27. Qxa5 Rxd1 28. Rxd1 Qe5 29. Qa2 Qxc3 30. Qd2 Qb3 31. g4 Ra8 32. Kg3 Ra2 33. Qd8+ Kg7 34. g5 Qc3 35. Qxf6+ Qxf6 36. gxf6+ Kxf6 37. Rd7 1-0

[Event "Early-Titled-Tuesday-Blitz-February-13-2024"]
[Site "Chess.com"]
[Date "2024.02.13"]
[Round "5"]
[White "ActorXu"]
[Black "Practical-Play"]
[Result "1-0"]
[WhiteElo "2819"]
[BlackElo "2593"]
[TimeControl "180+1"]
[EndTime "9:00:07 PST"]
[Termination "ActorXu won by checkmate"]

1. e4 d5 2. exd5 Nf6 3. d4 Bg4 4. Bb5+ Nbd7 5. Nf3 a6 6. Be2 b5 7. O-O Nxd5 8. h3 Bh5 9. a4 Rb8 10. axb5 axb5 11. Re1 e6 12. Nbd2 Be7 13. Ne4 O-O 14. Ng3 Bg6 15. Bd3 c5 16. Bxg6 hxg6 17. Ne5 Nxe5 18.
dxe5 Ra8 19. Rxa8 Qxa8 20. Ne4 Rd8 21. Qg4 Qa4 22. Bg5 Qxc2 23. Qh4 Rd7 24. Bxe7 Nxe7 25. Ng5 Nf5 26. Qh7+ Kf8 27. Qh8+ Ke7 28. Qc8 Rd8 29.
Qc6 Nd4 30. Qc7+ Rd7 31. Qc8 Rd8 32. Qc7+ Rd7 33. Qb6 Rd5 34. Ra1 Ne2+ 35. Kh2 Rd7 36. Qb8 Qd2 37. Nh7 Qf4+ 38. Kh1 Rd8 39. Ra7+ Ke8 40.
Qxb5+ Rd7 41. Qxd7# 1-0

[Event "Early-Titled-Tuesday-Blitz-February-13-2024"]
[Site "Chess.com"]
[Date "2024.02.13"]
[Round "5"]
[White "BeardedNM"]
[Black "Kotofeyca"]
[Result "0-1"]
[WhiteElo "2201"]
[BlackElo "2419"]
[TimeControl "180+1"]
[EndTime "9:00:07 PST"]
[Termination "Kotofeyca won on time"]

1. e4 c5 2. Nf3 d6 3. d4 cxd4 4. Nxd4 Nf6 5. Nc3 a6 6. Be3 Ng4 7. Bg5 Nc6 8. h3 Qb6 9. hxg4 Qxd4 10. Qxd4 Nxd4 11. O-O-O Nc6 12. Nd5 Rb8 13. f3 b5 14.
Bf4 Be6 15. Nc7+ Kd8 16. Nxa6 Rb6 17. Nc5 Bc4 18. Be3 Kc7 19. Nd3 Ra6 20. b3 Be6 21. Kb1 g6 22. Nf4 Ra5 23. Nd5+ Bxd5 24. exd5 Ne5 25. Bd2 Ra3 26. Bxb5 Bg7 27. Bb4 Ra7 28.
a4 Rb8 29. Bc3 Kb6 30. f4 Rc7 31. Bb2 Rbc8 32. fxe5 Rxc2 33. Rxh7 Bxe5 34. Bxe5 dxe5 35. Rxf7 Rxg2 36. Rxe7 Rcc2 37. Re6+ Ka5 38. Ra6+ Kb4 39.
Rb6 Rb2+ 40. Ka1 Ra2+ 41. Kb1 Rgb2+ 42. Kc1 Ka3 0-1

[Event "Early-Titled-Tuesday-Blitz-February-13-2024"]
[Site "Chess.com"]
[Date "2024.02.13"]
[Round "5"]
[White "NikitaShnadrygin"]
[Black "disciplinedbrat"]
[Result "1-0"]
[WhiteElo "2632"]
[BlackElo "2491"]
[TimeControl "180+1"]
[EndTime "9:00:08 PST"]
[Termination "NikitaShnadrygin won by resignation"]

1. e4 e5 2. Nc3 Nf6 3. f4 d5 4.
fxe5 Nxe4 5. Qf3 Nxc3 6. bxc3 Be7 7. d4 O-O 8. Bd3 c5 9. Ne2 Nc6 10. O-O f6 11. Qh5 f5 12. Rxf5 g6 13. Rxf8+ Qxf8 14. Bxg6 hxg6 15. Qxg6+ Qg7 16. Qd3 Bg4 17. Nf4 Rf8 18.
Nxd5 Bh4 19. Bf4 Bf5 20. Qe3 cxd4 21. cxd4 Qg4 22. Rf1 Be6 23. h3 Qg7 24. Nc3 Ne7 25. Ne4 Nf5 26. Qd3 Bd5 27. c4 Bxe4 28. Qxe4 Ng3 29. Qd5+ Kh8 30. Bxg3 Rxf1+ 31. Kxf1 Qxg3 32. Ke2 Qe1+ 33. Kd3 Qd1+ 34. Ke4 Qe2+ 35. Kf5 Qf2+ 36. Qf3 Qxd4 37. Qh5+ Kg8 38. Qg4+ Kf8 39. Qxd4 1-0

[Event "Early-Titled-Tuesday-Blitz-February-13-2024"]
[Site "Chess.com"]
[Date "2024.02.13"]
[Round "5"]
[White "Arystanner"]
[Black "Keeper0416"]
[Result "1-0"]
[WhiteElo "2818"]
[BlackElo "2589"]
[TimeControl "180+1"]
[EndTime "9:00:09 PST"]
[Termination "Arystanner won by resignation"]

1. c4 e6 2. Nc3 d5 3. e3 Nf6 4. Nf3 Nbd7 5. b3 Be7 6. Bb2 b6 7.
Qc2 Bb7 8. cxd5 exd5 9. d4 a6 10. Bd3 g6 11. O-O O-O 12. Rac1 Bd6 13. e4 Bf4 14.
Rcd1 dxe4 15. Nxe4 Nd5 16. a3 Re8 17. Rfe1 Bh6 18.
Ne5 N7f6 19. Nxf6+ Qxf6 20. Be4 Rac8 21. g3 Bg7 22. Qc4 Qd6 23. b4 b5 24. Qb3 c6 25. Bg2 Re7 26. Nd3 Rce8 27. Rxe7 Rxe7 28. Ne5 Nb6 29. h4 h5 30. Bc1 Kh7 31. Bf4 Qe6 32. Qxe6 Rxe6 33. Nxf7 Re2 34. Nd8 Ba8 35. Nxc6 Nc4 36. d5 Nxa3 37. d6 Bf6 38. d7 Nc2 39. Bg5 Bxc6 40. Bxc6 Bxg5 41. hxg5 Nxb4 42. d8=Q Nxc6 43.
Qc7+ Ne7 44. Rd7 Re1+ 1-0

[Event "Early-Titled-Tuesday-Blitz-February-13-2024"]
[Site "Chess.com"]
[Date "2024.02.13"]
[Round "5"]
[White "Lion_DL"]
[Black "crazy_but_lazy"]
[Result "1-0"]
[WhiteElo "2474"]
[BlackElo "2598"]
[TimeControl "180+1"]
[EndTime "9:00:10 PST"]
[Termination "Lion_DL won by resignation"]

1. d4 Nf6 2. c4 e6 3. Nf3 d5 4. cxd5 exd5 5. Nc3 c6 6. Qc2 g6 7. Bg5 Bf5 8. Qb3 b6 9. Ne5 Bg7 10. e4 Be6 11. exd5 cxd5 12. Bb5+ Kf8 13. O-O h6 14. Bh4 Kg8 15. Rae1 Qd6 16. Bg3 Qe7 17. f4 Kh7 18.
Qc2 Bf5 19. Qb3 Qb7 20. Bh4 a6 21. Be2 Rd8 22. Bf3 Be4 23. Bxf6 Bxf6 24. Nxe4 dxe4 25.
Bxe4 Qa7 26. Bxa8 Kg7 27. Bd5 Rf8 28. Qd3 Nd7 29. Nxd7 Qxd7 30. Be4 Rd8 31. Rd1 Qc7 32. f5 g5 33. Qc3 Qd6 34. Kh1 h5 35. Qh3 h4 36.
Qg4 Qb4 37. Bf3 Qxb2 38. Rfe1 Qxa2 39. d5 Rd6 40. g3 hxg3 41. Qxg3 a5 42. Qxd6 Qb3 43.
Qg3 a4 44. Bg2 a3 45. Qxb3 1-0

[Event "Early-Titled-Tuesday-Blitz-February-13-2024"]
[Site "Chess.com"]
[Date "2024.02.13"]
[Round "5"]
[White "m_ezat"]
[Black "Stewie_89"]
[Result "1-0"]
[WhiteElo "2453"]
[BlackElo "2569"]
[TimeControl "180+1"]
[EndTime "9:00:10 PST"]
[Termination "m_ezat won by resignation"]

1. d4 d5 2. c4 c6 3. Nc3 Nf6 4. cxd5 cxd5 5. Bf4 Nc6 6. e3 a6 7.
Bd3 g6 8. h3 Bg7 9. Nf3 O-O 10.
Rc1 Bf5 11. Bxf5 gxf5 12. g4 Qd7 13. Ne5 Qe6 14. Rg1 fxg4 15. hxg4 Rfd8 16. Qb3 Nxe5 17. dxe5 Nd7 18. Qxd5 Qxd5 19. Nxd5 Nxe5 20. Nxe7+ Kf8 21.
Bxe5 Bxe5 22. Nf5 Bxb2 23. Rc7 Rac8 24. Rxc8 Rxc8 25. Ke2 Rc2+ 26. Kf3 Bc3 27. Rh1 Rxa2 28. Rxh7 a5 29. Rh6 a4 30. Rd6 Kg8 31. Rd3 Bf6 32.
Nd6 Bh4 33. Ne4 b5 34. Rd5 b4 35. Rb5 b3 36. g5 Rc2 37. Kg4 Bxf2 38. Rb8+ Kg7 39.
Nf6 Rc8 40. Rxc8 1-0

[Event "Early-Titled-Tuesday-Blitz-February-13-2024"]
[Site "Chess.com"]
[Date "2024.02.13"]
[Round "5"]
[White "fabianvivasz"]
[Black "Mariia89"]
[Result "0-1"]
[WhiteElo "2367"]
[BlackElo "2197"]
[TimeControl "180+1"]
[EndTime "9:00:10 PST"]
[Termination "Mariia89 won by resignation"]

1. e4 c6 2. Nf3 d5 3. Nc3 dxe4 4.
Nxe4 Nf6 5. Qe2 Nxe4 6. Qxe4 Qd5 7. Qh4 Qf5 8. Be2 Qxc2 9. d3 Qc5 10. O-O Bf5 11.
d4 Qa5 12. Bc4 e6 13. Ne5 Be7 14. Qg3 Bf6 15. Bg5 Bxe5 16. dxe5 Nd7 17. Rad1 h6 18. Bd2 Qxe5 19. Bf4 Qf6 20. Rfe1 Nb6 21. Be5 Qg6 22.
Qc3 O-O 23. Re3 Rfd8 24. Rde1 f6 25. Rg3 Qf7 26. Bxf6 g5 27. Bxg5 hxg5 28. Rxg5+ Kf8 29. Bb3 Nd5 30. Qe5 Qf6 31. Rxf5 exf5 32. Qg3 Re8 33. Rd1 Re5 34. h4 Rae8 35. f4 Re1+ 36. Rxe1 Qd4+ 37. Kh2 Rxe1 38. Qxe1 Qxf4+ 39. Qg3 Qh6 40. Qc3 Nxc3 0-1

[Event "Early-Titled-Tuesday-Blitz-February-13-2024"]
[Site "Chess.com"]
[Date "2024.02.13"]
[Round "5"]
[White "Sina_Movahed"]
[Black "shrek4life02"]
[Result "1-0"]
[WhiteElo "2989"]
[BlackElo "2693"]
[TimeControl "180+1"]
[EndTime "9:00:11 PST"]
[Termination "Sina_Movahed won by resignation"]

1. e4 c6 2. d4 d5 3. e5 Bf5 4. h4 h5 5. Bg5 Qb6 6. Bd3 Qxd4 7.
Nf3 Qg4 8. Bxf5 Qxf5 9. O-O e6 10. c4 Nd7 11. Nc3 Ne7 12. Nd4 Qg4 13. f3 Qg3 14. Re1 Ng6 15. Nf5 exf5 16. Ne2 Bc5+ 17. Kh1 Qf2 18.
Rf1 Qxf1+ 19. Qxf1 dxc4 20. Ng3 f4 21. Nf5 O-O 22.
Qxc4 b5 23. Qe4 Rae8 24. Qxc6 Ngxe5 25. Qxb5 g6 26. Bxf4 gxf5 27. Bxe5 Rxe5 28. Qxd7 Rfe8 29. Rc1 Bb6 30. Kh2 Kg7 31. f4 R5e7 32. Qxf5 Re2 33. Rc3 R8e3 34. Rxe3 Rxe3 35. Qxh5 Rd3 36. Qg5+ Kf8 37.
h5 Rd2 38. h6 Ke8 39. h7 Bd4 40. f5 Be5+ 41. Kh3 Rd3+ 42. g3 Rd1 43. Kg2 Re1 44.
Kf2 Rh1 45. Qe3 f6 46. Qxa7 Kf8 47. Qa8+ Ke7 48. Qxh1 1-0

[Event "Early-Titled-Tuesday-Blitz-February-13-2024"]
[Site "Chess.com"]
[Date "2024.02.13"]
[Round "5"]
[White "Sl4werThanYou"]
[Black "K_A_S_T_O_R"]
[Result "0-1"]
[WhiteElo "2642"]
[BlackElo "2870"]
[TimeControl "180+1"]
[EndTime "9:00:11 PST"]
[Termination "K_A_S_T_O_R won by resignation"]

1. d4 Nf6 2. c4 e6 3. Nf3 c5 4. e3 a6 5. Nc3 d5 6. cxd5 exd5 7. g3 c4 8. Bg2 b5 9. O-O Bb7 10. Ne5 Bb4 11. a4 O-O 12. axb5 Bxc3 13. bxc3 axb5 14.
Rxa8 Bxa8 15. Ba3 Re8 16. Qb1 Nc6 17. Qxb5 Nxe5 18. dxe5 Rxe5 19. Rd1 Re8 20. Bc5 Ne4 21. Bd4 h6 22. Ra1 Qc8 23. Ra7 Bc6 24. Qb6 Qe6 25.
Rc7 Ra8 26. Ra7 Rxa7 27. Qxa7 Qf5 28. Qb8+ Kh7 29. Qf4 Qe6 30. h4 f6 31. Bf3 Bd7 32. h5 Ng5 33. Bg2 Nh3+ 34. Bxh3 Qxh3 35. Qf3 Be6 36.
e4 dxe4 37. Qxe4+ Bf5 38. Qf3 Bd3 39. Be3 f5 40. Qd1 Be4 41. f3 Qxg3+ 42. Kf1 Bd3+ 43. Qxd3 cxd3 44. Bf2 Qxf3 45. Kg1 d2 0-1

[Event "Early-Titled-Tuesday-Blitz-February-13-2024"]
[Site "Chess.com"]
[Date "2024.02.13"]
[Round "5"]
[White "Chernov_Alexander_A"]
[Black "SahibSinghKnight"]
[Result "0-1"]
[WhiteElo "2297"]
[BlackElo "2604"]
[TimeControl "180+1"]
[EndTime "9:00:11 PST"]
[Termination "SahibSinghKnight won on time"]

1. d4 Nf6 2. Nc3 d5 3. Bg5 Bf5 4. Bxf6 exf6 5. e3 c6 6. Bd3 Bg6 7. h4 Nd7 8. h5 Bxd3 9. Qxd3 Qb6 10.
O-O-O a5 11. e4 dxe4 12. Qxe4+ Kd8 13. Nge2 a4 14. d5 a3 15. b3 c5 16. d6 Qc6 17.
Nd5 Bxd6 18. Qg4 Re8 19. Ng3 c4 20. Kb1 cxb3 21. cxb3 Ra5 22. Qd4 Be5 23. Qd2 Rb5 24. f4 Bd6 25. Nf5 Bc5 26. Nxg7 Rg8 27. h6 Kc8 28.
Rc1 Kb8 29. Nf5 Qe6 30. Nfe3 Qe4+ 31. Qc2 Qxc2+ 32. Rxc2 Bxe3 33. Nxe3 Nc5 34. Rhc1 Ne4 35. Nc4 Rf5 0-1

[Event "Early-Titled-Tuesday-Blitz-February-13-2024"]
[Site "Chess.com"]
[Date "2024.02.13"]
[Round "5"]
[White "remyrushbrooke"]
[Black "Perecke"]
[Result "0-1"]
[WhiteElo "2267"]
[BlackElo "2546"]
[TimeControl "180+1"]
[EndTime "9:00:12 PST"]
[Termination "Perecke won on time"]

1. Nf3 d5 2. g3 c6 3. Bg2 Bg4 4. Ne5 Bf5 5. c4 Nd7 6. Nxd7 Qxd7 7. cxd5 cxd5 8. d3 e6 9. Nc3 Nf6 10. O-O h5 11. e4 Bg4 12. f3 h4 13. fxg4 hxg3 14.
h3 dxe4 15. g5 Bc5+ 16. Kh1 e5 17. Qa4 b5 18. Qxb5 Qxb5 19. Nxb5 Ng4 20. d4 exd4 21.
Bxe4 Nf2+ 22. Rxf2 gxf2 23. Kg2 O-O-O 24. Bf4 a6 25. Rc1 axb5 26. Rxc5+ Kd7 27. Rc7+ Ke6 28. Rc6+ Ke7 29. Kxf2 Rxh3 30. Bf5 Rh4 31. Rc7+ Kf8 32. Kg3 Rh1 33. Rc6 Rg1+ 34. Kf2 Rd1 35. g6 fxg6 36.
Bxg6 d3 37. Rc5 d2 38. Rf5+ Ke7 39. Re5+ Kf6 0-1